 Dungeon Crawl Stone Soup version 0.30-a0-728-gc68057be0a (webtiles) character file.

Game seed: 11000395562646520436

2639 Hubris850 the Cleaver (level 9, -4/65 (71) HPs)
             Began as a Hill Orc Fighter on Jan 31, 2023.
             Was a Follower of Qazlal.
             Slain by a wight
             ... wielding a +4 morningstar
              (5 damage)
             ... on level 7 of the Dungeon.
             The game lasted 00:19:33 (7211 turns).

Hubris850 the Cleaver (Hill Orc Fighter)            Turns: 7211, Time: 00:19:34

HP:   -4/65 (71)    AC:  9    Str: 23    XL:     9   Next: 61%
MP:   15/15         EV:  9    Int:  8    God:    Qazlal [*.....]
Gold: 259           SH:  7    Dex: 10    Spells: 8/8 levels left

rFire   + + .      SeeInvis +    a - +0 war axe
rCold   . . .      Faith    .    c - +0 buckler
rNeg    . . .      Spirit   .    b - +0 scale mail
rPois   .          Reflect  .    y - +0 helmet
rElec   .          Harm     .    D - scarf {rC+ rF+}
rCorr   .          Rampage  .    (no gloves)
Will    .....                    i - +0 pair of boots Stlth
                                 (no amulet)
HPRegen 0.30/turn                M - ring of flight
MPRegen 0.14/turn                C - ring "Xeemaj" {Fire SInv}

@: flying, drained
A: no striking features
a: Renounce Religion


You were on level 7 of the Dungeon.
You worshipped Qazlal.
Qazlal was aware of your devotion.
You visited 2 branches of the dungeon, and saw 8 of its levels.
You also visited: Sewer.

You collected 259 gold pieces.

Inventory:

Hand Weapons
 a - a +0 war axe (weapon)
 L - a +2 shortbow of freezing
Missiles
 r - 24 poisoned darts (quivered)
 H - 2 curare-tipped darts
Armour
 b - a +0 scale mail (worn)
 c - a +0 buckler (worn)
 i - a +0 pair of boots (worn)
 y - a +0 helmet (worn)
 D - a scarf of resistance (worn)
 G - a +0 cloak
Magical Staves
 h - a staff of earth
Jewellery
 C - the ring "Xeemaj" (right hand) {Fire SInv}
   (You found it on level 3 of the Dungeon)

   [ring of fire]

   It enhances your fire magic.
   rF:        It protects you from fire.
   rC:        It makes you vulnerable to cold.
   SInv:      It lets you see invisible.
 J - a ring of fire
 M - a ring of flight (left hand)
 N - a ring of fire
Scrolls
 d - a scroll of poison {unknown}
 g - 2 scrolls of silence {unknown}
 n - 4 scrolls of enchant weapon {unknown}
 o - 2 scrolls of brand weapon {unknown}
 p - a scroll of noise {unknown}
 q - 3 scrolls of teleportation {unknown}
 s - 2 scrolls of enchant armour {unknown}
 u - 2 scrolls of blinking {unknown}
 w - a scroll of fear {unknown}
 x - a scroll of fog {unknown}
 E - a scroll of torment {unknown}
 F - 3 scrolls of identify {unknown}
 I - 2 scrolls of immolation {unknown}
Potions
 e - a potion of flight {unknown}
 f - 2 potions of lignification {unknown}
 j - a potion of ambrosia {unknown}
 k - 3 potions of haste
 l - a potion of berserk rage
 m - a potion of cancellation {unknown}
 t - a potion of invisibility {unknown}
 v - 2 potions of magic {unknown}
 z - 3 potions of heal wounds
 A - 2 potions of curing
 B - 2 potions of mutation {unknown}
 K - a potion of resistance {unknown}


   Skills:
 - Level 4.0 Fighting
 + Level 12.2 Axes
 + Level 4.1 Throwing
 - Level 4.0 Armour
 - Level 5.0 Shields
 + Level 8.0 Invocations


You had 8 spell levels left.
You didn't know any spells.
Your spell library contained the following spells:

 Spells                   Type           Power      Damage    Failure   Level
 Kiss of Death            Conj/Necr      0%         2d5       80%         1
 Magic Dart               Conj           0%         1d3       80%         1
 Blink                    Tloc           0%         N/A       91%         2
 Searing Ray              Conj           0%         2d4       91%         2
 Sublimation of Blood     Necr           0%         N/A       91%         2
 Wereblood                Tmut           0%         N/A       91%         2
 Confusing Touch          Hex            0%         N/A       99%         3
 Dazzling Flash           Conj/Hex       0%         N/A       99%         3
 Dispel Undead            Necr           0%         3d6       100%        4
 Fulminant Prism          Conj/Hex       0%         3d5       100%        4
 Manifold Assault         Tloc           0%         N/A       100%        4
 Agony                    Necr           0%         N/A       100%        5
 Silence                  Hex/Air        0%         N/A       100%        5
 Storm Form               Tmut/Air       0%         N/A       100%        7
 Summon Hydra             Summ           0%         N/A       100%        7


Dungeon Overview and Level Annotations

Branches:
Dungeon (7/15)             Temple (1/1) D:4           Sewer (visited)

Altars:
Cheibriados
Elyvilon
Kikubaaqudgha
Makhleb
Nemelex Xobeh
Okawaru
Qazlal
Ru
Sif Muna
Trog
Uskayaw
Vehumet
Xom
Yredelemnul
The Shining One

Annotations:
D:4 exclusion: door
D:5 2 transporters, timneilson's ghost, novice GrFi


Message History

You hit the wight but do no damage.
The wight is severely damaged.
You hit the wight. You hit the wight but do no damage.
The wight hits you with a +4 flail. The wight barely misses you.
You block the wight's attack.
You hit the wight.
You destroy the wight!
Qazlal accepts your kill.
You barely miss the wight. You slash the wight!
The wight completely misses you.
You barely miss the wight.
The wight is moderately damaged.
You hit the wight but do no damage. The wight closely misses you.
The wight hits you but does no damage.
You closely miss the wight.
The wight is moderately damaged.
You hit the wight. You block the wight's attack. x2
You slash the wight!
The wight is severely damaged.
You hit the wight but do no damage.
The wight hits you with a +4 morningstar.
You feel drained. The wight barely misses you.
You closely miss the wight.
The wight is severely damaged.
You closely miss the wight.
The wight hits you with a +4 morningstar!
* * * LOW HITPOINT WARNING * * *
The wight hits you but does no damage.
You hit the wight.
The wight is almost destroyed.
You barely miss the wight. The wight hits you but does no damage.
You block the wight's attack.
You hit the wight.
You destroy the wight!
Qazlal accepts your kill.
You hit the wight but do no damage.
The wight hits you with a +4 morningstar!
* * * LOW HITPOINT WARNING * * *
You feel drained.
You die...

#.. ##### #.#
##..... #.##
##...#
#..#####...#
#..........# .
###..#####..##
..###..###
##..######
...<...#
#..°○....##
#.....##
#"z@......#
##..).#
♣.†)).P#..#
#...##
#..~~~~~.~~P..#
#..##
#.♣.~~.~~~~~P.#
#..#
.~~♣~~≈~.~~..#
#..#
#P~.~≈≈≈~~~~..#
#..#
#...~~~~P~~P...
##♣(~.~~~.P..#(
.PP..P..##


You could see a wight.

Vanquished Creatures
  Prince Ribbit (D:7)
  Grinder (D:4)
  Eustachio (D:4)
  A steam dragon (D:7)
  A sky beast (D:6)
  2 black bears
  The ghost of GiantSquids the Shooter, an amateur BaHu (D:3)
  2 centaurs (D:6)
  A phantom (D:6)
  A gnoll sergeant (D:6)
  2 kobold brigands (Sewer)
  2 scorpions
  4 wights (D:7)
  A howler monkey (D:7)
  4 hounds
  2 jellies (D:6)
  A gnoll bouda (D:4)
  2 orc priests (D:5)
  Natasha (thrice) (D:4)
  2 iguanas (D:6)
  6 orc wizards
  A scorpion simulacrum (D:3)
  8 gnolls
  4 river rats (Sewer)
  12 adders
  A hound simulacrum (D:3)
  A shadow imp (D:5)
  4 white imps
  3 worms
  An adder simulacrum (D:3)
  2 dart slugs
  15 orcs
  2 bats
  6 endoplasms
  2 giant cockroaches
  2 goblins (D:3)
  11 hobgoblins
  4 jackals (D:4)
  11 kobolds
  7 quokkas
  11 ball pythons
  3 frilled lizards
  A giant cockroach simulacrum (D:3)
  5 rats
158 creatures vanquished.

Vanquished Creatures (others)
  16 plants
16 creatures vanquished.

Grand Total: 174 creatures vanquished

Notes
Turn   | Place    | Note
-------+----------+-------------------------------------------
     0 | D:1      | Hubris850 the Hill Orc Fighter began the quest for the Orb.
     0 | D:1      | Reached XP level 1. HP: 19/19 MP: 1/1
   165 | D:1      | Reached XP level 2. HP: 27/27 MP: 2/2
   166 | D:1      | Reached skill level 3 in Axes
   391 | D:1      | Reached XP level 3. HP: 30/33 MP: 3/3
  1394 | D:3      | Found a glowing drain.
  1410 | Sewer    | Entered a sewer
  1413 | Sewer    | Noticed a kobold brigand
  1429 | Sewer    | Killed a kobold brigand
  1430 | Sewer    | Reached skill level 4 in Axes
  1430 | Sewer    | Reached XP level 4. HP: 22/40 MP: 4/4
  1430 | Sewer    | Reached XP level 5. HP: 25/46 MP: 5/5
  1579 | Sewer    | Noticed a kobold brigand
  1599 | Sewer    | HP: 2/46 [kobold brigand/+0 whip (3)]
  1600 | Sewer    | Killed a kobold brigand
  1601 | Sewer    | Reached skill level 5 in Axes
  1601 | Sewer    | Reached skill level 5 in Shields
  1832 | Sewer    | Reached XP level 6. HP: 20/52 MP: 6/6
  2072 | Sewer    | Reached skill level 6 in Axes
  2527 | D:3      | Noticed GiantSquids's ghost (amateur BaHu)
  2562 | D:3      | Found a runed translucent gate.
  2562 | D:3      | Found a runed translucent gate.
  2562 | D:3      | Found a runed translucent gate.
  3013 | D:3      | Killed GiantSquids's ghost
  3014 | D:3      | Reached skill level 7 in Axes
  3020 | D:3      | Identified the ring "Xeemaj" {Fire SInv}
  3150 | D:4      | Noticed a black bear
  3155 | D:4      | Reached XP level 7. HP: 50/59 MP: 7/7
  3160 | D:4      | Reached skill level 8 in Axes
  3425 | D:4      | Found a staircase to the Ecumenical Temple.
  3434 | D:4      | Reached skill level 9 in Axes
  3463 | Temple   | Entered the Ecumenical Temple
  3514 | Temple   | Became a worshipper of Qazlal Stormbringer
  3651 | D:4      | Noticed Grinder
  3681 | D:4      | Killed Grinder
  3682 | D:4      | Reached XP level 8. HP: 61/66 MP: 7/10
  3736 | D:4      | Noticed Natasha
  3746 | D:4      | Killed Natasha
  3983 | D:4      | Noticed Eustachio
  4023 | D:4      | Killed Eustachio
  4024 | D:4      | Reached skill level 10 in Axes
  4240 | D:4      | Found a shimmering blue altar of Sif Muna.
  4285 | D:4      | Noticed Natasha
  4293 | D:4      | Killed Natasha
  4504 | D:4      | Noticed Natasha
  4513 | D:4      | Killed Natasha
  4646 | D:5      | Entered Level 5 of the Dungeon
  4739 | D:5      | Noticed timneilson's ghost (novice GrFi)
  5079 | D:5      | Found a burning altar of Makhleb.
  5256 | D:5      | Reached skill level 5 in Invocations
  5316 | D:5      | Found a transporter.
  5324 | D:5      | Found a transporter.
  5612 | D:5      | Reached skill level 1 in Throwing
  5712 | D:6      | Reached * piety under Qazlal
  5880 | D:6      | Reached skill level 11 in Axes
  6233 | D:6      | Reached XP level 9. HP: 70/71 MP: 13/13
  6513 | D:6      | Found a glowing golden altar of the Shining One.
  6513 | D:6      | Found an iron altar of Okawaru.
  6513 | D:6      | Found a shimmering altar of Xom.
  6513 | D:6      | Found a sacrificial altar of Ru.
  6520 | D:6      | Found a white marble altar of Elyvilon.
  6525 | D:6      | Found a sparkling altar of Nemelex Xobeh.
  6709 | D:6      | Found a radiant altar of Vehumet.
  7028 | D:7      | Noticed Prince Ribbit
  7198 | D:7      | Killed Prince Ribbit
  7199 | D:7      | Reached skill level 12 in Axes
  7211 | D:7      | HP: 1/67 [wight/+4 morningstar (12)]
  7211 | D:7      | Slain by a wight

Illustrated notes

Levels and vault maps discovered:
D:1:      dpeg_arrival_erosion, layout_loops_ring
D:2:      layout_loops_cross, minmay_misc_feat_rows
D:3:      layout_loops_ring, portal_sewer_entry_a, gammafunk_ghost_icy
D:4:      layout_cave_pods, led_sif_book, minmay_temple_entry_stoned_glass,
          uniq_natasha, uniq_grinder, uniq_eustachio
D:5:      layout_loops_corners, makhleb_heckhound_becter, gammafunk_ghost_arena,
          chequers_serial_rivers_large_b
D:6:      layout_layer_cave, mainiacjoe_overflow_six_doors_small,
          minmay_overflow_temple_hex, grunt_ministairs_12
D:7:      layout_layer_cave, general_overflow_altar, kennysheep_mini_moat,
          serial_bayou_pond_b, uniq_prince_ribbit1
Temple:   minmay_temple_curvy_loop

Skill      XL: |  1  2  3  4  5  6  7  8  9 |
---------------+----------------------------+-----
Axes           | 3 4 5 7 9 11 12 | 12.2
Fighting       | 4 |  4.0
Armour         | 4 |  4.0
Shields        | 4 5 |  5.0
Invocations    | 3 6 8 |  8.0
Throwing       | 2 4 |  4.1

Action                     |  1- 3 |  4- 6 |  7- 9 || total
---------------------------+-------+-------+-------++-------
  Melee: War axe           |   121 |   151 |   288 ||   560
  Throw: Dart              |       |     5 |     7 ||    12
    Use: Potion            |       |       |     6 ||     6
 Armour: Scale mail        |    58 |    59 |   149 ||   266
  Dodge: Dodged            |    53 |    47 |   135 ||   235
  Block: Buckler           |    24 |    31 |    99 ||   154

Table legend: (Time is in decaauts)
 A = Elapsed time spent in this place.
 B = Non-inter-level travel time spent in this place.
 C = Inter-level travel time spent in this place.
 D = Time resting spent in this place.
 E = Time spent auto-exploring this place.
 F = Levels seen in this place.
 G = Mean time per level.
                   A        B        C        D        E       F      G
               +--------+--------+--------+--------+--------+-----+--------+
         Total |   7487 |   7267 |    220 |   1380 |   4356 |   9 |  831.9 |
       Dungeon |   6236 |   6061 |    175 |   1026 |   3897 |   7 |  890.9 |
        Temple |     96 |     51 |     45 |      0 |      0 |   1 |   96.0 |
         Sewer |   1154 |   1154 |      0 |    354 |    459 |   1 | 1154.0 |
               +--------+--------+--------+--------+--------+-----+--------+

Top non-repeatable levels by time:
     D:4: 1477 daAuts
     D:6: 1464 daAuts
   Sewer: 1154 daAuts
     D:5: 1099 daAuts
     D:3: 824 daAuts
     D:1: 687 daAuts
     D:2: 626 daAuts
  Temple: 96 daAuts
     D:7: 57 daAuts
